 Dungeon Crawl Stone Soup version 0.30-a0-1104-g706747fef1 (webtiles) character file.

Game seed: 12321719131035869145

261 vampirul the Magician (level 6, -16/47 HPs)
             Began as a Djinni Ice Elementalist on Apr 19, 2023.
             Demolished by an ice beast (18 damage)
             ... on level 7 of the Dungeon.
             The game lasted 00:06:43 (3192 turns).

vampirul the Magician (Djinni Ice Elementalist)     Turns: 3192, Time: 00:06:44

Health: -16/47     AC:  3    Str:  7    XL:     6   Next: 42%
Gold:   203        EV: 12    Int: 18    God:
                   SH:  0    Dex: 14

rFire   + + .      SeeInvis .    h - +0 sling
rCold   x . .      Faith    .    (no shield)
rNeg    . . .      Spirit   .    a - +0 robe
rPois   ∞          Reflect  .    (no helmet)
rElec   .          Rampage  .    f - +0 cloak
rCorr   .                        (no gloves)
Will    .....                    (boots unavailable)
Stlth   ++                       (no amulet)
HPRegen 0.27/turn                (no ring)
MPRegen 0.00/turn                (no ring)

@: freezing walls, flying
A: sickness immunity, fire resistance 2, cold vulnerability 1, float, innate
caster, HP casting, extra vitality 1
a: no special abilities


You were on level 7 of the Dungeon.
You visited 1 branch of the dungeon, and saw 5 of its levels.

You collected 203 gold pieces.

Inventory:

Hand Weapons
 c - a +0 hand axe
 h - a +0 sling (weapon)
 p - a +0 quarterstaff of holy wrath
Missiles
 d - 2 throwing nets
Armour
 a - a +0 robe (worn)
 f - a +0 cloak (worn)
Magical Staves
 i - a staff of earth
Jewellery
 l - a ring of resist corrosion
 m - the ring "Zabiuvo" {+Blink Fly rF- Str+4 Int+4}
   (You found it on level 3 of the Dungeon)

   [ring of flight]

   Str:       It affects your strength (+4).
   Int:       It affects your intelligence (+4).
   rF:        It makes you vulnerable to fire.
   Fly:       It grants you flight.
   +Blink:    It lets you blink.
Wands
 q - a wand of digging (1)
Scrolls
 j - 2 scrolls of fear
 r - a scroll of teleportation
Potions
 b - a potion of brilliance
 e - a potion of berserk rage
 g - a potion of mutation {unknown}
 k - a potion of flight {unknown}
 n - a potion of curing {unknown}
 o - a potion of lignification {unknown}


   Skills:
 + Level 4.0 Fighting
 - Level 2.1 Dodging
 - Level 1.5 Stealth
 + Level 4.6 Spellcasting


You knew the following spells:

 Your Spells              Type           Power      Damage    Failure   Level
a - Freeze                Ice            80%        1d9       1%          1
b - Frozen Ramparts       Ice            40%        1d7       6%          3
c - Ozocubu's Armour      Ice            20%        N/A       6%          3
d - Summon Ice Beast      Ice/Summ       20%        N/A       21%         4
e - Magic Dart            Conj           80%        1d7       1%          1
f - Ensorcelled Hibernat  Hex/Ice        40%        N/A       3%          2
Your spell library was empty.

Dungeon Overview and Level Annotations

Branches:
Dungeon (7/15)
 Temple: D:4-7

Altars:
Gozag
Wu Jian
Zin
The Shining One


Innate Abilities, Weirdness & Mutations

You are immune to sickness and miasma.
You are immune to poison.
Your flesh is very heat resistant. (rF++)
You are vulnerable to cold. (rC-)
You float through the air rather than walking.
You learn spells naturally, not from books.
Your magical power is your life essence.
You have superior vitality. (+4 MHP)


Message History

Aim: an ice beast (lightly wounded, not susceptible)
The ice beast is unaffected.
The ice beast completely resists.
The wall freezes the ice beast but does no damage.
The ice beast completely misses you.
Aiming: Magic Dart (safe; 1% risk of failure)
Press: ? - help, Q - select action, (/) - cycle Shift-Dir - straight line, f/p - ice beast
Aim: an ice beast (lightly wounded, 100% to hit)
The magic dart hits the ice beast.
The ice beast is moderately wounded.
The wall freezes the ice beast but does no damage.
The ice beast hits you. The ice beast freezes you!
You feel a terrible chill!
Aiming: Magic Dart (safe; 1% risk of failure)
Press: ? - help, Q - select action, (/) - cycle Shift-Dir - straight line, f/p - ice beast
Aim: an ice beast (moderately wounded, 100% to hit)
The magic dart hits the ice beast!
The ice beast is heavily wounded.
The ice beast completely resists.
The wall freezes the ice beast but does no damage.
The ice beast barely misses you.
Aiming: Magic Dart (safe; 1% risk of failure)
Press: ? - help, Q - select action, (/) - cycle Shift-Dir - straight line, f/p - ice beast
Aim: an ice beast (heavily wounded, 100% to hit)
The magic dart hits the ice beast.
The ice beast is heavily wounded.
The ice beast completely resists.
The wall freezes the ice beast but does no damage.
The ice beast hits you. The ice beast freezes you!!
You feel a terrible chill!
* * * LOW HITPOINT WARNING * * *
Aiming: Magic Dart (safe; 1% risk of failure)
Press: ? - help, Q - select action, (/) - cycle Shift-Dir - straight line, f/p - ice beast
Aim: an ice beast (heavily wounded, 100% to hit)
The magic dart hits the ice beast but does no damage.
The ice beast is heavily wounded.
* * * LOW HITPOINT WARNING * * *
The wall freezes the ice beast but does no damage.
The ice beast hits you.
* * * LOW HITPOINT WARNING * * *
The ice beast freezes you!!
You feel a terrible chill!
You die...

....#...## ...
._..#....# #.## .##....
..$$#....###.. .......
....#.#...##.# .......
#####....###.####.......
..........#...........
#...##.........##...
#..<.###..###..##Y#
..#...##..# ##..@#
..##..##..# ###.....$..
...##...#.. #####....
.......##... >.
##...........
##........##..
....>...### ...
.......... ..........


You could see an ice beast.

Vanquished Creatures
  A phantom (D:4)
  An orc priest (D:3)
  An orc wizard (D:3)
  4 gnolls (D:3)
  An adder (D:3)
  2 worms (D:2)
  2 dart slugs (D:1)
  3 orcs (D:3)
  5 ball pythons (D:1)
  7 bats
  8 endoplasms
  3 giant cockroaches
  6 goblins
  6 hobgoblins
  2 jackals (D:1)
  3 kobolds
  2 quokkas (D:3)
  3 frilled lizards
  22 rats
82 creatures vanquished.

Vanquished Creatures (others)
  A demonic plant (D:4)
  2 plants (D:7)
3 creatures vanquished.

Grand Total: 85 creatures vanquished

Notes
Turn   | Place    | Note
-------+----------+-------------------------------------------
     0 | D:1      | vampirul the Djinni Ice Elementalist began the quest for
                  | the Orb.
     0 | D:1      | vampirul set off with the following spells memorised:
                  | Freeze, Frozen Ramparts, Ozocubu's Armour, Summon Ice
                  | Beast.
     0 | D:1      | Reached XP level 1. HP: 15/15 MP: 0/0
   213 | D:1      | Reached XP level 2. HP: 22/22 MP: 0/0
   243 | D:1      | Reached skill level 1 in Fighting
   430 | D:1      | Reached XP level 3. HP: 26/27 MP: 0/0
   430 | D:1      | Learned a level 1 spell: Magic Dart
  1405 | D:2      | Reached XP level 4. HP: 33/33 MP: 0/0
  2013 | D:3      | Identified the ring "Zabiuvo" {+Blink Fly rF- Str+4 Int+4}
  2151 | D:3      | Found a glowing silver altar of Zin.
  2176 | D:3      | Found an ornate altar of the Wu Jian Council.
  2277 | D:3      | Reached XP level 5. HP: 35/40 MP: 0/0
  2277 | D:3      | Learned a level 2 spell: Ensorcelled Hibernation
  2517 | D:3      | Found an opulent altar of Gozag.
  2801 | D:3      | Reached XP level 6. HP: 45/46 MP: 0/0
  3154 | D:4      | You are sucked into a shaft and drop 3 floors!
  3162 | D:7      | Found a glowing golden altar of the Shining One.
  3183 | D:7      | Noticed an ice beast
  3192 | D:7      | HP: 2/47 [ice beast (4)]
  3192 | D:7      | Demolished by an ice beast

Illustrated notes

Levels and vault maps discovered:
D:1:      reono_arrival_forest_river, layout_basic
D:2:      layout_loops_ring, grunt_ministairs_9
D:3:      layout_loops_ring, nicolae_wu_jian_glorious_leap,
          pdpol_temple_overflow_zin_treasury_gozag_greed, minmay_rat_hole
D:4:      layout_basic, serial_demonic, serial_demonic_d, serial_demonic_g,
          serial_demonic_g, serial_demonic_c, serial_demonic_c,
          serial_demonic_g, serial_demonic_c, serial_demonic_g, uniq_eustachio
D:7:      layout_cave_pools, nicolae_dithmenos_the_darkroom,
          amcnicky_altar_gilded, temple_fountains, chequers_big_river

Skill      XL: |  1  2  3  4  5  6 |
---------------+-------------------+-----
Fighting       | 1 2 3 4 |  4.0
Spellcasting   | 4 |  4.6
Dodging        | |  2.1
Stealth        | |  1.5

Action                     |  1- 3 |  4- 6 || total
---------------------------+-------+-------++-------
  Melee: Unarmed           |     4 |       ||     4
         Hand axe          |    19 |       ||    19
   Fire: Sling             |    42 |    77 ||   119
   Cast: Freeze            |    19 |     5 ||    24
         Frozen Ramparts   |    15 |    26 ||    41
         Magic Dart        |       |    11 ||    11
         Ensorcelled Hiber |       |     2 ||     2
    Use: Scroll            |     4 |     5 ||     9
   Stab: Sleeping          |     1 |       ||     1
 Armour: Robe              |    14 |     7 ||    21
  Dodge: Dodged            |    42 |    25 ||    67

Table legend: (Time is in decaauts)
 A = Elapsed time spent in this place.
 B = Non-inter-level travel time spent in this place.
 C = Inter-level travel time spent in this place.
 D = Time resting spent in this place.
 E = Time spent auto-exploring this place.
 F = Levels seen in this place.
 G = Mean time per level.
                   A        B        C        D        E       F      G
               +--------+--------+--------+--------+--------+-----+--------+
         Total |   3243 |   3150 |     93 |     33 |   2563 |   5 |  648.6 |
       Dungeon |   3243 |   3150 |     93 |     33 |   2563 |   5 |  648.6 |
               +--------+--------+--------+--------+--------+-----+--------+

Top non-repeatable levels by time:
     D:1: 1031 daAuts
     D:2: 1010 daAuts
     D:3: 998 daAuts
     D:4: 165 daAuts
     D:7: 37 daAuts
